Map: Ruínas de Endion

Players

Swarm

  • Race: Zerg Zerg
  • League: Master

TheZergLord - Winner!

  • Race: Zerg Zerg
  • League: Master

VOD

Have the link to the VOD?

Description

Time

  • Played on: May 3, 2016, 7:04 a.m.
  • Length: 14:41
Show
View Real Time Build Order
Export as new Build Order

Swarm Zerg 

Build Orders: Pool First, Lurkers 

Get SALT Encoding   

  12  0:01  Drone  
  13  0:23  Spawning Pool  
  13  0:25  Drone  
  13  0:30  Drone  
  14  0:38  Overlord  
  14  0:45  Extractor, Drone  
  15  1:09  Zergling x2  
  15  1:10  Zergling x4  
  18  1:21  Hatchery  
  18  1:22  Zergling x2  
  18  1:32  Zergling x2  
  19  1:39  Queen  
  21  1:42  Zergling x2  
  22  1:55  Overlord  
  22  2:26  Spine Crawler  
  19  2:47  Drone x5  
  19  2:48  Queen  
  23  3:07  Queen  
  23  3:12  Drone x4  
  28  3:14  Spine Crawler x2  
  26  3:22  Zergling x4  
  28  3:39  Overlord  
  28  3:40  Drone x5  
  33  3:42  Extractor  
  30  3:49  Zergling x4  
  30  3:51  Queen  
  34  4:04  Drone x2  
  29  4:22  Drone  
  29  4:23  Drone x4  
  34  4:27  Queen  
  37  4:31  Drone x4  
  40  4:44  Drone x3  
  43  4:46  Overlord  
  43  4:51  Extractor  
  42  5:04  Drone x2  
  42  5:05  Drone  
  44  5:09  Zergling x2  
  44  5:10  Zergling x2  
  44  5:11  Drone x2  
  44  5:12  Drone x3  
  50  5:26  Roach Warren  
  50  5:39  Roach Warren  
  49  5:45  Overlord x2  
  49  5:47  Extractor  
  49  5:48  Extractor  
  47  5:56  Overlord x3  
  47  5:57  Drone x4  
  49  5:59  Hatchery  
  50  6:23  Roach x10  
  70  6:37  Roach x2  
  74  6:44  Roach x3  
  80  6:57  Roach x2  
  80  6:58  Roach x3  
  78  7:17  Roach  
  78  7:18  Roach x6  
  82  7:28  Roach  
  82  7:29  Roach x2  
  80  7:32  Roach  
  80  7:36  Roach x3  
  84  7:43  Roach x2  
  88  7:54  Roach x3  
  88  7:55  Roach  
  96  8:00  Drone x2  
  96  8:05  Overlord  
  98  8:10  Roach  
  98  8:21  Overlord  
  98  8:25  Overlord  
  98  8:26  Ravager x3  
  98  8:27  Ravager x2  
  103  8:30  Roach x2  
  106  8:40  Drone x2  
  106  8:41  Drone x3  
  111  8:59  Drone  
  111  9:00  Drone x6  
  118  9:03  Overlord x2  
  118  9:23  Roach x7  
  118  9:24  Roach x5  
  116  9:31  Roach x2  
  116  9:32  Roach  
  118  9:41  Roach  
  118  9:42  Roach x4  
  126  9:49  Roach x3  
  124  9:59  Roach x4  
  130  10:00  Roach  
  130  10:02  Lair  
  120  10:11  Roach x3  
  120  10:18  Roach x2  
  120  10:19  Roach  
  112  10:22  Roach  
  110  10:29  Roach  
  110  10:30  Roach x4  
  118  10:41  Ravager x5  
  118  10:42  Ravager x2  
  123  10:43  Roach  
  123  10:44  Roach x3  
  131  10:53  Overlord  
  131  10:56  Extractor  
  130  10:59  Overlord  
  130  11:00  Roach x4  
  136  11:10  Ravager  
  137  11:13  Roach x4  
  137  11:15  Overlord  
  137  11:17  Glial Reconstitution  
  145  11:23  Roach x2  
  149  11:30  Metabolic Boost  
  149  11:32  Zergling x10  
  154  11:33  Overlord x2  
  120  12:05  Roach  
  120  12:06  Roach x14  
  150  12:19  Drone x3  
  150  12:22  Hydralisk Den  
  149  12:36  Evolution Chamber  
  148  12:37  Evolution Chamber  
  148  12:38  Drone x6  
  148  12:39  Extractor  
  152  12:46  Overlord  
  152  12:55  Lurker Den  
  152  12:56  Hydralisk  
  152  12:57  Hydralisk x6  
  166  13:11  Hydralisk x3  
  168  13:33  Hydralisk x3  
  102  13:48  Hydralisk x6  
  90  13:49  Hydralisk x3  
  90  13:51  Hydralisk  
  110  14:10  Hydralisk  
  100  14:25  Lurker x5  
Show
View Real Time Build Order
Export as new Build Order

TheZergLord Zerg - Winner!

Build Orders: Hatch First 

Get SALT Encoding   

  12  0:01  Drone  
  13  0:13  Overlord  
  13  0:18  Drone  
  14  0:32  Drone x2  
  16  0:36  Drone  
  17  0:52  Hatchery  
  17  0:56  Drone  
  17  1:09  Spawning Pool  
  16  1:11  Extractor  
  16  1:14  Drone  
  16  1:17  Drone  
  17  1:21  Drone  
  18  1:30  Drone  
  19  1:41  Overlord  
  19  1:56  Queen  
  19  1:57  Zergling x2  
  19  2:00  Baneling Nest  
  21  2:05  Zergling x2  
  22  2:14  Spine Crawler  
  21  2:17  Zergling x2  
  22  2:25  Zergling x2  
  23  2:40  Queen  
  23  2:42  Zergling x2  
  24  2:53  Zergling x2  
  24  2:55  Metabolic Boost  
  22  3:09  Hatchery  
  22  3:10  Drone  
  22  3:11  Drone x4  
  26  3:20  Queen  
  26  3:23  Overlord  
  28  3:33  Drone  
  29  3:50  Overlord  
  29  3:51  Drone  
  30  3:55  Baneling  
  30  3:56  Baneling  
  28  4:04  Drone  
  29  4:13  Zergling x4  
  30  4:23  Drone x2  
  32  4:29  Zergling x2  
  33  4:35  Baneling x2  
  33  4:40  Drone x4  
  37  4:50  Overlord  
  37  4:51  Drone  
  38  4:57  Roach Warren  
  36  5:03  Hatchery  
  35  5:09  Drone x3  
  35  5:10  Drone x3  
  35  5:13  Extractor  
  40  5:16  Overlord x3  
  39  5:40  Roach  
  39  5:41  Roach x5  
  51  5:43  Overlord  
  51  5:44  Roach x3  
  57  5:51  Roach  
  57  5:55  Roach  
  61  5:59  Roach  
  63  6:04  Roach  
  63  6:10  Roach x2  
  63  6:11  Roach x3  
  75  6:16  Queen  
  75  6:17  Overlord  
  79  6:18  Roach  
  79  6:22  Roach  
  81  6:30  Overlord  
  81  6:37  Zergling x12  
  81  6:38  Zergling x2  
  88  6:41  Zergling x4  
  90  6:50  Drone  
  90  6:52  Zergling x10  
  96  7:01  Roach  
  95  7:10  Roach x3  
  87  7:17  Roach x3  
  87  7:18  Zergling x4  
  87  7:19  Zergling x2  
  86  7:23  Drone x3  
  81  7:31  Drone  
  81  7:32  Drone x3  
  76  7:39  Drone x2  
  76  7:43  Roach x2  
  82  7:51  Extractor  
  81  7:52  Extractor  
  81  7:57  Lair  
  80  8:05  Drone  
  81  8:06  Evolution Chamber  
  81  8:09  Roach x2  
  81  8:12  Roach  
  85  8:15  Overlord x2  
  85  8:20  Drone x5  
  85  8:21  Drone  
  91  8:28  Overlord  
  91  8:30  Roach  
  91  8:31  Roach x2  
  91  8:33  Zerg Missile Weapons Level 1  
  97  8:34  Drone x2  
  97  8:35  Drone x2  
  97  8:40  Roach  
  97  8:41  Roach  
  105  8:48  Roach x3  
  111  8:56  Roach  
  111  8:59  Overlord x3  
  113  9:04  Glial Reconstitution  
  113  9:21  Roach x9  
  113  9:26  Roach x2  
  99  9:37  Roach  
  99  9:38  Roach x4  
  101  9:42  Queen  
  95  9:47  Roach x3  
  95  9:48  Roach x2  
  85  10:05  Drone x7  
  92  10:08  Roach x2  
  96  10:15  Roach  
  96  10:16  Roach  
  94  10:29  Roach x2  
  94  10:30  Roach x4  
  106  10:42  Zerg Missile Weapons Level 2  
  106  10:47  Roach x3  
  106  10:48  Roach  
  114  10:52  Drone x4  
  114  10:54  Drone  
  119  10:58  Drone x2  
  117  11:09  Roach x4  
  125  11:17  Ravager x2  
  127  11:22  Ravager  
  127  11:24  Drone x2  
  130  11:28  Drone  
  130  11:29  Extractor, Drone x3  
  130  11:30  Roach  
  130  11:31  Roach  
  137  11:40  Overlord x3  
  137  11:41  Overlord  
  121  11:57  Roach  
  121  11:58  Roach x9  
  131  12:14  Roach x7  
  145  12:19  Roach x3  
  145  12:20  Roach  
  145  12:21  Ravager  
  154  12:23  Ravager  
  154  12:24  Ravager  
  156  12:31  Roach x2  
  156  12:32  Roach x2  
  166  12:37  Roach x3  
  166  12:42  Overseer  
  170  12:46  Overlord x3  
  170  13:03  Hatchery  
  170  13:04  Drone  
  170  13:11  Roach  
  170  13:12  Roach x7  
  166  13:36  Roach x6  
  168  13:59  Hatchery, Roach x2  
  171  14:04  Ravager x3  
  171  14:05  Ravager x2  
Tags
 
Add a new tag
Caveats
  • Supply blocks, unpowered buildings, or Contaminate may cause inaccurate times.
  • Supply counts are checked every 10 seconds.